AoeStats
← GianpaMX

African Clearing

510469465Analyzed
4v4 RM · 4h ago on Oct 1, 2026· 28m 4s· 8 players
Game mode
Random Map
Map size
Large (8 player)
Population
200
Speed
Normal
Resources
Standard
Victory
Conquest
Starting age
Dark Age
Ending age
Imperial Age
RankedLock teamsTeams togetherTeam positionsShared explorationLock speedFull tech treeHidden civsTurbo modeCheats
Victory
Defeat
🇨🇳 Huns · China
1151
+17
1097
+19
🇹🇼 Vikings · Taiwan
1074
+20
🇨🇳 Franks · China
1065
+20
🇲🇽 Vietnamese · Mexico
1196
-21
🇲🇽 Hindustanis · Mexico
1187
-20
🇲🇽 Mongols · Mexico
1179
-20
🇲🇽 Byzantines · Mexico
1071
-15
Ken
3:13 Loom
14:25 Feudal Age
18:22 Castle Age
17:42 Double-Bit Axe
19:58 Scale Barding Armor
20:43 Husbandry
23:25 Wheelbarrow
24:08 Forging
k00144
8:39 Loom
13:29 Feudal Age
13:57 Man-at-Arms
15:02 Town Watch
15:11 Double-Bit Axe
26:08 Castle Age
24:32 Arson
24:50 Scale Mail Armor
27:05 Bow Saw
27:13 Chain Mail Armor
27:24 Horse Collar
27:54 Gold Mining
28:42 Forging
Танцующий Xyй
3:08 Loom
14:24 Feudal Age
17:49 Stone Mining
20:01 Forging
25:22 Castle Age
28:01 Fletching
Zarathustra
13:31 Feudal Age
14:44 Loom
15:46 Bloodlines
16:49 Scale Barding Armor
17:53 Forging
19:12 Double-Bit Axe
19:13 Horse Collar
24:30 Castle Age
23:46 Gold Mining
27:06 Bow Saw
GianpaMX
10:14 Loom
12:10 Feudal Age
13:04 Double-Bit Axe
13:39 Horse Collar
22:30 Gold Mining
25:15 Castle Age
goji_1111
9:25 Loom
13:02 Feudal Age
13:40 Double-Bit Axe
HunabKu
6:55 Loom
15:29 Feudal Age
22:39 Castle Age
22:06 Gold Mining
25:58 Horse Collar
27:42 Double-Bit Axe
27:52 Stone Mining
Hogos
4:20 Loom
13:13 Feudal Age
13:44 Double-Bit Axe
13:40 Horse Collar
21:36 Castle Age
21:27 Wheelbarrow
20:37 Town Watch
21:05 Fletching
21:07 Gold Mining
21:52 Crossbowman
22:28 Bodkin Arrow
23:13 Bow Saw
24:17 Heavy Plow
26:03 Hand Cart
Connection lost

Rejoining the realm…

Still unreachable

The connection could not be restored.

Session expired

The server has moved on; the page needs a fresh start.